[Event "Titled Tuesday Blitz November 29 Late 2022"]
[White "Yurovskykh, Oleksandr"]
[Black "Bogaudinov, Rushan"]
[WhiteFideId "14134020"]
[BlackFideId "4129288"]
[WhiteElo "2265"]
[BlackElo "1997"]
[Result "1-0"]
[Round "10"]
[TimeControl "180+1"]
[Date "2022.11.30"]
[WhiteClock "0:00:49"]
[BlackClock "0:00:11"]

1. d4 g6 2. e4 Bg7 3. c4 d6 4. Nc3 Nf6 5. Nf3 O-O 6. Be2 c5 7. d5 e6 8. Nd2 exd5 9. cxd5 a6 10. a4 Nbd7 11. O-O Ne8 12. Nc4 Rb8 13. Bf4 Ne5 14. Nxe5 dxe5 15. Be3 b6 16. a5 Nd6 17. axb6 Rxb6 18. Na4 Rb4 19. f3 Rd4 20. Qc2 f5 21. Nxc5 fxe4 22. Bxd4 exf3 23. Bxf3 exd4 24. Ne6 Bxe6 25. dxe6 Nf5 26. Qb3 Kh8 27. Rxa6 d3 28. Ra5 Bd4+ 29. Kh1 Qh4 30. Rxf5 gxf5 31. Qxd3 Be5 32. g3 Bxg3 33. Qe2 Bd6 34. Rd1 Qf4 35. Bc6 Qg4 36. Qxg4 fxg4 37. Rxd6 Rf1+ 38. Kg2 Re1 39. Bd5 Kg7 40. b3 h5 41. Bc4 Kf6 42. Rd5 h4 43. Rd4 Kf5 44. Kf2 Rh1 45. e7 Rxh2+ 46. Kg1 g3 47. e8=Q 1-0


[Site "https://www.chess.com"]

[Event "Titled Tuesday Blitz November 29 Late 2022"]
[White "chess50years"]
[Black "Kim, Sergey"]
[BlackFideId "13700570"]
[WhiteElo "2177"]
[BlackElo "2592"]
[Result "0-1"]
[Round "10"]
[TimeControl "180+1"]
[Date "2022.11.30"]
[WhiteClock "0:00:02"]
[BlackClock "0:00:33"]

1. d4 Nf6 2. c4 g6 3. Nc3 Bg7 4. e4 d6 5. Nf3 O-O 6. h3 e5 7. dxe5 dxe5 8. Qxd8 Rxd8 9. Bg5 c6 10. Be2 Na6 11. Rd1 Re8 12. O-O Nc5 13. Nd2 a5 14. Be3 Bf8 15. Nb3 Nfd7 16. Nxc5 Nxc5 17. b3 a4 18. b4 Ne6 19. c5 a3 20. Bc4 Bg7 21. b5 Nd4 22. bxc6 bxc6 23. Ne2 Ra4 24. Bb3 Nxb3 25. axb3 Rb4 26. Rd3 Be6 27. Ra1 Ra8 28. Nc1 f5 29. f3 fxe4 30. fxe4 Rxe4 31. Kf2 Bd5 32. b4 Rxb4 33. Rdxa3 Rb2+ 34. Ke1 Rxa3 35. Rxa3 Rxg2 36. Ra8+ Kf7 37. Ra7+ Kf6 38. h4 h6 39. Nd3 Rg3 40. Kf2 Rf3+ 41. Ke2 Rh3 42. Nxe5 Kxe5 43. Rxg7 Rxh4 44. Rxg6 h5 45. Rh6 Ke4 46. Rh8 Rh2+ 47. Bf2 Bc4+ 48. Ke1 Rh1+ 49. Kd2 Be6 50. Re8 Kd5 51. Rd8+ Ke5 52. Re8 h4 53. Ke3 Rh3+ 54. Kd2 Kf5 55. Rh8 Rh2 56. Ke3 h3 57. Rh5+ Kg6 58. Rh4 Rh1 59. Kf4 Rf1 60. Kg3 Rc1 61. Kh2 Rc2 62. Kg3 Kf6 63. Rh6+ Ke5 64. Rh5+ Ke4 65. Rh4+ Kd3 66. Rd4+ Ke2 67. Rd6 Bd5 68. Rh6 Kf1 69. Be3 Rc3 70. Kf4 Bg2 71. Rh4 Ke2 72. Bd4 Rc4 73. Ke5 Kd3 0-1


[Site "https://www.chess.com"]

[Event "Titled Tuesday Blitz November 29 Late 2022"]
[White "Adury, Anant"]
[Black "Yuan, Qingyu"]
[WhiteFideId "30964687"]
[BlackFideId "8609772"]
[WhiteElo "2216"]
[BlackElo "2359"]
[Result "0-1"]
[Round "11"]
[TimeControl "180+1"]
[Date "2022.11.30"]
[WhiteClock "0:01:36"]
[BlackClock "0:00:31"]

1. d4 Nf6 2. c4 e6 3. Nc3 Bb4 4. a3 Bxc3+ 5. bxc3 c5 6. e3 Nc6 7. Bd3 d6 8. Nf3 e5 9. e4 Bg4 10. d5 Na5 11. h3 Bxf3 12. Qxf3 h6 13. Qe2 Qd7 14. a4 g5 15. O-O O-O-O 16. Bd2 Rdg8 17. Rab1 a6 18. Rb6 Qc7 19. Rfb1 h5 20. g3 Nd7 21. R6b2 Rg6 22. Kg2 Kb8 23. Qf3 Rf6 24. Qe2 Rg6 25. Be3 Ka7 26. Bd2 Rh7 27. Be3 Rg8 28. Bd2 Nf8 29. Kf1 Qd7 30. Kg2 Qd8 31. Kh2 Ng6 32. Qe3 Ne7 33. Qe1 Qd7 34. Qc1 Rhg7 35. Be3 f5 36. exf5 Nxf5 37. Bxf5 Qxf5 38. Rb6 Nxc4 39. Rxd6 Nxd6 40. Bxc5+ Ka8 41. Bxd6 Qxf2+ 42. Kh1 Qf3+ 43. Kh2 Qf2+ 44. Kh1 Qxg3 45. Qg1 Qxh3+ 46. Qh2 Qf3+ 47. Qg2 Qxg2+ 48. Kxg2 Rd7 49. Bxe5 Rxd5 50. Bd4 Rgd8 51. a5 Rxd4 52. cxd4 Rxd4 53. Kf3 Rd5 54. Ke4 Rxa5 55. Rd1 Ka7 56. Rd8 h4 57. Rh8 Rb5 58. Kf3 a5 59. Kg4 a4 60. Kh5 Ra5 61. Kh6 a3 62. Rg8 a2 63. Rg6 a1=Q 64. Kh7 h3 65. Kg8 h2 66. Kf7 h1=Q 67. Kg8 Qa2+ 68. Kf8 Qf3+ 69. Kg7 Qaf7+ 70. Kh8 Qc3+ 71. Rg7 Qcxg7# 0-1


[Site "https://www.chess.com"]

[Event "Titled Tuesday Blitz November 29 Late 2022"]
[White "Aghasiyev, Kamal"]
[Black "Suder, Jakub"]
[WhiteFideId "13402854"]
[BlackFideId "1195310"]
[WhiteElo "2341"]
[BlackElo "2243"]
[Result "1-0"]
[Round "11"]
[TimeControl "180+1"]
[Date "2022.11.30"]
[WhiteClock "0:00:05"]
[BlackClock "0:00:16"]

1. d4 d5 2. c4 dxc4 3. e4 e5 4. Nf3 Bb4+ 5. Bd2 Bxd2+ 6. Qxd2 exd4 7. Qxd4 Qxd4 8. Nxd4 a6 9. Bxc4 c5 10. Nb3 b6 11. a4 Be6 12. Bxe6 fxe6 13. a5 c4 14. Nd4 b5 15. Nxe6 Kf7 16. Ng5+ Kg6 17. f4 Nc6 18. Nc3 Nf6 19. h4 Rhe8 20. e5 Ng4 21. Nce4 h6 22. Nf3 Nb4 23. O-O h5 24. Nfg5 Ne3 25. Rf3 Nf5 26. Nd6 Nxd6 27. exd6 Rad8 28. Rd1 Nd3 29. Rdxd3 cxd3 30. Rxd3 Kf5 31. Rd4 Re2 32. b4 Kg4 33. d7 Re7 34. Nf3 Kg3 35. Ne5 Re6 36. Kf1 Rf6 37. Ke2 Rxf4 38. Rd3+ Kxg2 39. Nc6 Rf2+ 40. Ke1 Rf1+ 41. Kd2 Rdf8 42. d8=Q Rxd8 43. Rxd8 Rf2+ 44. Kc3 Rf1 45. Rd2+ Kg3 46. Nb8 Rf6 47. Rd4 Rf3+ 48. Kd2 Rf2+ 49. Ke1 Rf6 50. Nd7 Re6+ 51. Kf1 Kf3 52. Nc5 Rf6 53. Rd3+ Kg4+ 54. Ke2 Kxh4 55. Ne4 Re6 56. Kf3 g5 57. Rd1 g4+ 58. Kf4 Kh3 59. Ng5+ Kg2 60. Nxe6 1-0


[Site "https://www.chess.com"]

[Event "Titled Tuesday Blitz November 29 Late 2022"]
[White "Andreassen, Lars"]
[Black "Fareh, Youness"]
[WhiteFideId "1504878"]
[BlackFideId "9000526"]
[WhiteElo "2119"]
[BlackElo "1860"]
[Result "1-0"]
[Round "11"]
[TimeControl "180+1"]
[Date "2022.11.30"]
[WhiteClock "0:00:23"]
[BlackClock "0:00:35"]

1. d4 Nf6 2. Nf3 d5 3. Bg5 Nbd7 4. e3 h6 5. Bh4 e6 6. c4 Be7 7. Nc3 O-O 8. Qc2 c6 9. Bd3 dxc4 10. Bxc4 b5 11. Bd3 Bb7 12. O-O a6 13. a3 Rc8 14. b4 Nb6 15. e4 Nfd7 16. Bxe7 Qxe7 17. Rfe1 e5 18. h3 exd4 19. Nxd4 Ne5 20. Nf5 Qf6 21. Bf1 Nbc4 22. f4 Ng6 23. e5 Qe6 24. Nd4 Qd7 25. Rad1 Qe7 26. f5 Ngxe5 27. Bxc4 bxc4 28. Ne4 f6 29. Nc5 Rfd8 30. Nde6 Rxd1 31. Rxd1 Nd3 32. Nxd3 cxd3 33. Qxd3 c5 34. bxc5 Bc6 35. Qd6 Qb7 36. Rd2 Be4 37. Qf4 Qb1+ 38. Kh2 Bxf5 39. Rd8+ Rxd8 40. Nxd8 Be4 41. Ne6 Qb2 42. Qxe4 Qb8+ 43. Qf4 Qc8 44. Qd6 a5 45. Qd8+ Qxd8 46. Nxd8 Kf8 47. c6 Ke7 48. Nb7 a4 49. Kg3 g6 50. Kf4 Ke6 51. g4 g5+ 52. Ke4 Ke7 53. Kf5 Kf7 54. c7 1-0


[Site "https://www.chess.com"]

[Event "Titled Tuesday Blitz November 29 Late 2022"]
[White "Annaberdiyev, Babageldi"]
[Black "Svane, Frederik"]
[WhiteFideId "14000385"]
[BlackFideId "12923044"]
[WhiteElo "2332"]
[BlackElo "2466"]
[Result "1/2-1/2"]
[Round "11"]
[TimeControl "180+1"]
[Date "2022.11.30"]
[WhiteClock "0:00:43"]
[BlackClock "0:00:02"]

1. e4 c5 2. Nf3 e6 3. d3 Nc6 4. Nbd2 d5 5. g3 Bd6 6. Bg2 Nge7 7. O-O O-O 8. Re1 f6 9. exd5 exd5 10. c4 d4 11. a3 a5 12. Ne4 a4 13. Nxd6 Qxd6 14. Qe2 Bg4 15. h3 Bh5 16. Bf4 Qd8 17. g4 Bf7 18. Nd2 Ng6 19. Bg3 Re8 20. Ne4 Na5 21. Rad1 Ra6 22. f4 Nb3 23. f5 Ne5 24. Bxe5 Rxe5 25. Qf3 b5 26. cxb5 Rb6 27. g5 fxg5 28. Nxg5 Rxe1+ 29. Rxe1 h6 30. Ne4 Bd5 31. Nf6+ Qxf6 32. Qxd5+ Kh7 33. Re8 h5 34. Re6 Rxe6 35. fxe6 Nd2 36. Qxh5+ Kg8 37. Qe8+ Kh7 38. e7 Qe5 39. Qf7 Qe1+ 40. Kh2 Qe5+ 41. Kg1 Qe1+ 42. Kh2 Qe5+ 43. Kg1 1/2-1/2


[Site "https://www.chess.com"]

[Event "Titled Tuesday Blitz November 29 Late 2022"]
[White "Arkell, Keith C"]
[Black "Wirig, Anthony"]
[WhiteFideId "400270"]
[BlackFideId "615013"]
[WhiteElo "2342"]
[BlackElo "2487"]
[Result "0-1"]
[Round "11"]
[TimeControl "180+1"]
[Date "2022.11.30"]
[WhiteClock "0:01:43"]
[BlackClock "0:01:35"]

1. d4 Nf6 2. Nf3 d6 3. c4 Nc6 4. Nc3 e5 5. d5 Ne7 6. e4 Ng6 7. Bd3 Be7 8. O-O O-O 9. h3 h6 10. b4 a5 11. bxa5 Nh7 12. a4 Ng5 13. Nxg5 Bxg5 14. Be2 Bxc1 15. Qxc1 Nf4 16. Bg4 Qg5 17. g3 Bxg4 18. gxf4 exf4 19. hxg4 Qxg4+ 20. Kh2 f3 0-1


[Site "https://www.chess.com"]

[Event "Titled Tuesday Blitz November 29 Late 2022"]
[White "Arnold, Ken"]
[Black "Martinez Reyes, Pedro Ramon"]
[WhiteFideId "2056836"]
[BlackFideId "3901807"]
[WhiteElo "2392"]
[BlackElo "2354"]
[Result "1-0"]
[Round "11"]
[TimeControl "180+1"]
[Date "2022.11.30"]
[WhiteClock "0:00:15"]
[BlackClock "0:02:08"]

1. e4 c5 2. Nf3 Nc6 3. Bb5 Na5 4. O-O a6 5. Be2 e6 6. d4 cxd4 7. Nxd4 d6 8. c4 Nf6 9. Nc3 Be7 10. b3 O-O 11. Bb2 Rb8 12. Qd2 Bd7 13. Rfd1 Qc7 14. f3 b5 15. cxb5 axb5 16. Rac1 Qa7 17. Kh1 b4 18. Ncb5 Qb6 19. a4 bxa3 20. Bxa3 Nxb3 21. Nxb3 Bxb5 22. Bxb5 Qxb5 23. Nd4 Qa4 24. Nc6 Qxa3 25. Nxe7+ Kh8 26. Qxd6 Qxd6 27. Rxd6 Rfd8 28. Rxd8+ Rxd8 29. h4 h5 30. Rc7 Ne8 31. Ra7 Nd6 32. Nc6 Rc8 33. Ne5 f6 34. Ng6+ Kh7 35. Nf4 Rc1+ 36. Kh2 Nb5 37. Re7 Nd4 38. Nxh5 Rc2 39. Nxf6+ Kg6 40. Ne8 Nxf3+ 41. Kh3 Nd4 42. Rxg7+ Kh6 43. g4 Rc3+ 44. Kg2 Rc2+ 45. Kf1 Rc8 46. g5+ Kh5 47. Rh7+ Kg4 48. Nf6+ Kf3 49. Ke1 Nb3 50. Rd7 Rc1+ 51. Rd1 Rc2 52. Rd3+ Kg2 53. Rxb3 1-0


[Site "https://www.chess.com"]

[Event "Titled Tuesday Blitz November 29 Late 2022"]
[White "Barria Zuniga, Daniel"]
[Black "Melian, Juan Sebastian"]
[WhiteFideId "3400816"]
[BlackFideId "3706575"]
[WhiteElo "2414"]
[BlackElo "2044"]
[Result "1-0"]
[Round "11"]
[TimeControl "180+1"]
[Date "2022.11.30"]
[WhiteClock "0:01:46"]
[BlackClock "0:00:26"]

1. d4 Nf6 2. c4 e6 3. Nc3 Bb4 4. a3 Bxc3+ 5. bxc3 d5 6. cxd5 exd5 7. e3 O-O 8. Bd3 c5 9. f3 b6 10. Ne2 Ba6 11. O-O Bxd3 12. Qxd3 Re8 13. Ng3 Nc6 14. Bb2 Qd7 15. Rad1 Rad8 16. e4 dxe4 17. fxe4 Ne5 18. Qe2 Ng6 19. e5 Qc7 20. Qf3 Nd5 21. Nf5 c4 22. Nd6 Rxd6 23. exd6 Qxd6 24. Qxf7+ 1-0


[Site "https://www.chess.com"]

[Event "Titled Tuesday Blitz November 29 Late 2022"]
[White "Bas Mas, Jose Joaquin"]
[Black "Clawitter, Craig"]
[WhiteFideId "22219064"]
[BlackFideId "2023105"]
[WhiteElo "2233"]
[BlackElo "2271"]
[Result "0-1"]
[Round "11"]
[TimeControl "180+1"]
[Date "2022.11.30"]
[WhiteClock "0:00:26"]
[BlackClock "0:00:34"]

1. e4 e6 2. d3 d5 3. Nd2 Nf6 4. Ngf3 Bc5 5. g3 dxe4 6. Nxe4 Nxe4 7. dxe4 Qxd1+ 8. Kxd1 Bxf2 9. Bd3 Nc6 10. c3 e5 11. Kc2 f6 12. Rf1 Bb6 13. a4 a5 14. b3 Be6 15. Ba3 O-O-O 16. Rad1 Rd7 17. Nd2 Rhd8 18. Nc4 Bxc4 19. Bxc4 Rxd1 20. Rxd1 Rxd1 21. Kxd1 Kd7 22. Bg8 h5 23. Bf7 Bg1 24. h3 Bh2 25. g4 hxg4 26. hxg4 Bf4 27. Ke2 Nd8 28. Bf8 Nxf7 29. Bxg7 Bg5 0-1


[Site "https://www.chess.com"]

[Event "Titled Tuesday Blitz November 29 Late 2022"]
[White "Battlecruiser_Operational"]
[Black "Perez Torres, Nabi Isaias"]
[BlackFideId "5120373"]
[WhiteElo "2203"]
[BlackElo "1915"]
[Result "0-1"]
[Round "11"]
[TimeControl "180+1"]
[Date "2022.11.30"]
[WhiteClock "0:00:09"]
[BlackClock "0:00:18"]

1. d4 Nf6 2. c4 g6 3. Nc3 Bg7 4. e4 d6 5. Nf3 O-O 6. Be2 e5 7. Be3 exd4 8. Nxd4 Re8 9. f3 Nc6 10. O-O Nh5 11. Nxc6 bxc6 12. Qd2 Rb8 13. Rad1 a5 14. b3 Be5 15. f4 Bg7 16. Bxh5 gxh5 17. e5 Bg4 18. Rde1 dxe5 19. Qxd8 Rbxd8 20. f5 h4 21. Bg5 Rd3 22. Ne4 h3 23. Nf2 hxg2 24. Kxg2 Bf3+ 25. Kg3 Rc3 26. Bd2 Rc2 27. Bxa5 e4 28. Bxc7 Bd4 29. a4 Kh8 30. Nh3 Rg8+ 31. Kh4 Bf6+ 32. Ng5 Bxg5+ 33. Kh3 Bg2+ 34. Kg4 Bd8+ 35. Kf4 Bxc7+ 36. Ke3 Bxf1 0-1


[Site "https://www.chess.com"]

[Event "Titled Tuesday Blitz November 29 Late 2022"]
[White "Bjelobrk, Igor"]
[Black "Miller, Luke C"]
[WhiteFideId "4300726"]
[BlackFideId "2096935"]
[WhiteElo "2335"]
[BlackElo "2433"]
[Result "0-1"]
[Round "11"]
[TimeControl "180+1"]
[Date "2022.11.30"]
[WhiteClock "0:00:01"]
[BlackClock "0:00:03"]

1. Nf3 Nf6 2. c4 g6 3. Nc3 Bg7 4. e4 d6 5. d4 O-O 6. h3 e5 7. d5 Nh5 8. g3 f5 9. exf5 gxf5 10. Nh4 Nf4 11. Bd2 Na6 12. gxf4 Qxh4 13. fxe5 Bxe5 14. Rg1+ Kh8 15. Bg5 Qd4 16. Qxd4 Bxd4 17. O-O-O Bxf2 18. Rg2 Bb6 19. Re1 Bd7 20. Re7 Be8 21. Ne2 Bg6 22. Nf4 Nc5 23. Bd3 Nxd3+ 24. Nxd3 Rae8 25. Rge2 Rxe7 26. Rxe7 Re8 27. Bf6+ Kg8 28. Rg7+ Kf8 29. c5 dxc5 30. Ne5 Rxe5 31. Bxe5 c4 32. Kd2 f4 33. Rd7 Ke8 34. Rg7 f3 35. Rxg6 hxg6 36. Ke1 Kf7 37. Kf1 g5 38. Ke1 Kg6 39. d6 cxd6 40. Bxd6 Kf5 41. Kf1 Ke4 42. Bf8 Kd3 43. Bg7 Bd4 0-1


[Site "https://www.chess.com"]

[Event "Titled Tuesday Blitz November 29 Late 2022"]
[White "Bogaudinov, Rushan"]
[Black "Janaszak, Dawid"]
[WhiteFideId "4129288"]
[BlackFideId "1119206"]
[WhiteElo "1997"]
[BlackElo "2226"]
[Result "0-1"]
[Round "11"]
[TimeControl "180+1"]
[Date "2022.11.30"]
[WhiteClock "0:00:04"]
[BlackClock "0:00:25"]

1. d4 Nf6 2. c4 c5 3. e3 g6 4. Nf3 Bg7 5. Be2 O-O 6. O-O cxd4 7. Nxd4 d5 8. Nc3 dxc4 9. Bxc4 a6 10. a3 b5 11. Be2 Bb7 12. Bf3 Qb6 13. Bxb7 Qxb7 14. b4 Nbd7 15. Bb2 Ne5 16. Nb3 Rad8 17. Qe2 Nc4 18. Nc5 Qa8 19. Rac1 Rd2 20. Ba1 Rxe2 21. Nxe2 Ne4 22. a4 Bxa1 23. Rxa1 Qc6 24. Nd4 Qf6 25. axb5 axb5 26. Ra6 Ned6 27. Nxb5 Qb2 28. Nd4 Qxb4 29. Nd7 Rc8 30. h4 Nd2 31. Rfa1 N2e4 32. Ne5 Qc5 33. R6a5 Qc3 34. R5a3 Qd2 35. R3a2 Rc1+ 36. Kh2 Qe1 37. Rxc1 Qxc1 38. Ndc6 Kf8 39. Ra8+ Kg7 40. Nxe7 Nf6 0-1


[Site "https://www.chess.com"]

[Event "Titled Tuesday Blitz November 29 Late 2022"]
[White "Bok, Benjamin"]
[Black "Remizov, Yaroslav"]
[WhiteFideId "1017063"]
[BlackFideId "34134015"]
[WhiteElo "2658"]
[BlackElo "2414"]
[Result "1-0"]
[Round "11"]
[TimeControl "180+1"]
[Date "2022.11.30"]
[WhiteClock "0:00:30"]
[BlackClock "0:00:02"]

1. d4 Nf6 2. c4 e6 3. Nc3 Bb4 4. Qc2 O-O 5. a3 Bxc3+ 6. Qxc3 h6 7. Nf3 b6 8. e3 Bb7 9. Be2 a5 10. b3 d6 11. Bb2 Nbd7 12. O-O Qe7 13. b4 Ne4 14. Qc2 f5 15. d5 e5 16. Bd3 Ng5 17. Nxg5 Qxg5 18. f4 exf4 19. exf4 Qg6 20. Rf3 Rf7 21. Rg3 Qh5 22. Bxf5 Qxf5 23. Rxg7+ Kf8 24. Qxf5 Rxf5 25. Rxd7 Rf7 26. Rxf7+ Kxf7 27. Kf2 b5 28. cxb5 Bxd5 29. Rc1 axb4 30. Rxc7+ Ke6 31. g4 Bb3 32. f5+ Kd5 33. b6 bxa3 34. b7 Rb8 35. Bxa3 Ba4 36. f6 Ke6 37. f7 Bb5 38. Rc8 1-0


[Site "https://www.chess.com"]

[Event "Titled Tuesday Blitz November 29 Late 2022"]
[White "Bortnyk, Olexandr"]
[Black "Jobava, Baadur"]
[WhiteFideId "14120828"]
[BlackFideId "13601520"]
[WhiteElo "2723"]
[BlackElo "2582"]
[Result "1/2-1/2"]
[Round "11"]
[TimeControl "180+1"]
[Date "2022.11.30"]
[WhiteClock "0:00:26"]
[BlackClock "0:01:22"]

1. e4 c5 2. c3 e6 3. d4 d5 4. exd5 exd5 5. Be3 cxd4 6. Bxd4 Nc6 7. Nf3 Nf6 8. Nbd2 Bd6 9. Be2 O-O 10. O-O Re8 11. Nb3 Nxd4 12. Nbxd4 a6 13. Qb3 Bc7 14. Rfe1 Qd6 15. Rad1 h6 16. c4 Bg4 17. h3 dxc4 18. Bxc4 Rxe1+ 19. Rxe1 Bh5 20. Qxb7 Bxf3 21. Nxf3 Rb8 22. Qxa6 Qxa6 23. Bxa6 Rxb2 24. Re2 Rb1+ 25. Re1 Rb2 26. Re2 Rb1+ 27. Re1 Rb2 1/2-1/2


[Site "https://www.chess.com"]

[Event "Titled Tuesday Blitz November 29 Late 2022"]
[White "Brown, Andrew"]
[Black "Calcada, Lucas Galvan"]
[WhiteFideId "3206513"]
[BlackFideId "22746099"]
[WhiteElo "2245"]
[BlackElo "1523"]
[Result "1-0"]
[Round "11"]
[TimeControl "180+1"]
[Date "2022.11.30"]
[WhiteClock "0:01:35"]
[BlackClock "0:01:42"]

1. d4 Nf6 2. c4 e6 3. Nc3 d5 4. g3 Be7 5. Bg2 O-O 6. Nf3 c6 7. O-O Re8 8. Bf4 Nbd7 9. c5 Nf8 10. h4 h6 11. Ne5 Bd7 12. b4 b6 13. b5 bxc5 14. bxc6 Bc8 15. e4 cxd4 16. Qxd4 dxe4 17. Qa4 Bd6 18. Rfd1 Qc7 19. Nb5 Bxe5 20. Nxc7 Bxc7 21. Bxc7 1-0


[Site "https://www.chess.com"]

[Event "Titled Tuesday Blitz November 29 Late 2022"]
[White "Buchenau, Frank"]
[Black "Poliakova, Varvara"]
[WhiteFideId "4604350"]
[BlackFideId "13518313"]
[WhiteElo "2157"]
[BlackElo "2099"]
[Result "0-1"]
[Round "11"]
[TimeControl "180+1"]
[Date "2022.11.30"]
[WhiteClock "0:00:04"]
[BlackClock "0:01:40"]

1. e4 e5 2. Bc4 Nf6 3. d3 d5 4. exd5 Nxd5 5. Nf3 Nc6 6. O-O Bc5 7. Re1 O-O 8. Nxe5 Nxe5 9. Rxe5 Bxf2+ 10. Kxf2 Qh4+ 11. Kf1 Qf6+ 12. Qf3 Qxe5 13. Bxd5 Qxh2 14. Be3 Qh1+ 15. Bg1 c6 16. Bb3 Be6 17. Nc3 Qh4 18. Re1 Bxb3 19. axb3 Rae8 20. Re4 Rxe4 21. Nxe4 f5 22. Nc5 b6 23. Ne6 Re8 24. Qxc6 Qe7 25. d4 Qxe6 26. Qxe6+ Rxe6 27. d5 Re5 28. c4 Kf7 29. Bh2 Re4 30. Kf2 g5 31. Bb8 a6 32. Ba7 b5 33. c5 Rd4 0-1


[Site "https://www.chess.com"]

[Event "Titled Tuesday Blitz November 29 Late 2022"]
[White "Cappelletto, Joshuaede"]
[Black "Przybylski, Wojciech"]
[WhiteFideId "2824383"]
[BlackFideId "1117599"]
[WhiteElo "2237"]
[BlackElo "2221"]
[Result "1-0"]
[Round "11"]
[TimeControl "180+1"]
[Date "2022.11.30"]
[WhiteClock "0:00:28"]
[BlackClock "0:00:13"]

1. c4 e5 2. g3 Nf6 3. Bg2 d6 4. Nc3 Be7 5. Nf3 O-O 6. O-O c6 7. d4 Nbd7 8. e4 Qc7 9. h3 Re8 10. Be3 b6 11. b4 Bb7 12. Qb3 Bf8 13. d5 a6 14. a4 Rec8 15. a5 b5 16. cxb5 cxd5 17. Nxd5 Nxd5 18. exd5 axb5 19. Rac1 Qd8 20. Qd3 e4 21. Qxe4 Nf6 22. Qd3 Bxd5 23. Qxb5 Rcb8 24. Bb6 Qd7 25. Qd3 Be4 26. Qd4 d5 27. Ne5 Qb5 28. Nc6 Re8 29. Bc5 Bxg2 30. Kxg2 Re4 31. Qd2 Qxc6 32. Bxf8 Qb7 33. Bd6 d4 34. Kg1 Qd5 35. Bf4 d3 36. Rc5 Qd4 37. Be3 Qxb4 38. Qxb4 Rxb4 39. Rd1 Ra4 40. Rxd3 h6 41. Bd2 R4xa5 42. Bxa5 Kh7 43. Bc3 Ne4 44. Rc4 Ng5 45. Kg2 Ra3 46. h4 Ne6 47. Re3 h5 48. Rce4 Rb3 49. Re5 Kg6 50. Ba1 Rb1 51. Ra5 Rc1 52. Bb2 Rc2 53. Be5 Rd2 54. Raa3 Rc2 55. Rac3 Ra2 56. Rc4 Ra5 57. Bc3 Rb5 58. Rce4 Rb3 59. Rxe6+ fxe6 60. Rxe6+ Kf5 61. Re3 g6 62. Bg7 Rb5 63. Bh6 Rc5 64. Rf3+ Ke6 65. Bg5 Ke5 66. Rf6 Rc2 67. Rxg6 Ke4 68. Rf6 Ra2 69. Be3 Ra3 70. Rh6 Kf5 71. Rxh5+ Ke4 72. Rg5 Ra7 73. Rg4+ Kf5 74. Rf4+ Ke5 75. h5 Ra6 76. h6 Rxh6 77. Re4+ Kxe4 78. Bxh6 Kf5 79. Be3 Ke4 80. Kh3 Kf3 81. Kh4 Ke4 82. Kg4 Ke5 83. Kf3 Kf5 84. g4+ Ke5 85. Kg3 Ke4 86. g5 Kf5 87. Kh4 Kg6 88. Kg4 Kg7 89. f4 Kg6 90. f5+ Kg7 91. Bd4+ Kf7 92. g6+ Kg8 93. f6 Kf8 94. Kg5 Kg8 95. f7+ Kf8 96. Bc5+ Kg7 97. f8=Q# 1-0


[Site "https://www.chess.com"]

[Event "Titled Tuesday Blitz November 29 Late 2022"]
[White "Cardoso Cardoso, Jose Gabriel"]
[Black "Martinez Ramirez, Lennis"]
[WhiteFideId "4430492"]
[BlackFideId "3509079"]
[WhiteElo "2484"]
[BlackElo "2439"]
[Result "1-0"]
[Round "11"]
[TimeControl "180+1"]
[Date "2022.11.30"]
[WhiteClock "0:00:06"]
[BlackClock "0:00:07"]

1. c4 e5 2. Nc3 Nf6 3. Nf3 Nc6 4. d3 Bb4 5. Bd2 O-O 6. g3 Re8 7. Bg2 a5 8. e4 d6 9. a3 Bc5 10. Nd5 h6 11. O-O Bg4 12. Ne3 Bxf3 13. Bxf3 a4 14. Bg2 Nd4 15. Bc3 g6 16. Kh1 Qd7 17. Qe1 Ng4 18. Rc1 c6 19. h3 Nxe3 20. fxe3 Nb3 21. Rc2 Re6 22. h4 Re7 23. Rf6 Kg7 24. Rcf2 Qg4 25. Kh2 Qd7 26. Qe2 Rf8 27. Bh3 Qe8 28. h5 g5 29. Bg4 Bb6 30. Rxd6 Ba5 31. Rff6 Bc7 32. Rxh6 Bxd6 33. Rxd6 f6 34. Qf3 Nc5 35. Bb4 b6 36. Qf5 Rh8 37. Kg2 Qf7 38. Bxc5 bxc5 39. Rxc6 Rb7 40. Rd6 Rxb2+ 41. Kf3 Rb7 42. Rd5 Rxh5 43. Qc8 Rc7 44. Qd8 Rh8 45. Qd6 Rb8 46. Rxc5 Rxc5 47. Qxb8 Rc7 48. Qb5 Qe7 49. Qxa4 Ra7 50. Qb5 Rxa3 51. Qd5 Qa7 52. c5 Rc3 53. Bf5 Rxc5 54. Qd8 Qf7 55. Qd6 Rc3 56. Bg4 Rb3 57. Qd8 Rb7 58. Qd6 Re7 59. d4 Qe8 60. d5 Rf7 61. Bf5 Qe7 62. Qxe7 Rxe7 63. d6 Re8 64. d7 Rd8 65. Kg4 Kh6 66. Be6 Kg6 67. Bf5+ Kf7 68. Kh5 Rh8+ 69. Kg4 Ke7 70. Kf3 Rh1 71. Ke2 Rg1 72. Kf2 Rc1 73. Ke2 Rc3 74. Kd2 Ra3 75. g4 Ra7 76. Kc3 Ra3+ 77. Kd2 Kd8 78. Be6 Kc7 79. Bf5 Ra5 80. Ke2 Ra3 81. Kd2 Ra2+ 82. Kd3 Ra4 83. Kc3 Kd8 84. Kb3 Ra7 85. Kc4 Ke7 86. Kc5 Rc7+ 87. Kb4 Kd8 88. Kb3 Rc1 89. Kb4 Kc7 90. Kb3 Re1 91. Kc4 Rxe3 92. Kd5 Rd3+ 93. Ke6 Rxd7 94. Kxf6 Rd8 95. Kxe5 Rg8 96. Kf6 Kd8 97. e5 Ke8 98. Bg6+ Kd8 99. e6 Rf8+ 100. Kxg5 Ke7 101. Bf7 Ra8 102. Kg6 Kf8 103. Kf6 Ra6 104. g5 Rb6 105. g6 Rxe6+ 106. Bxe6 Ke8 107. g7 Kd8 108. g8=Q+ Kc7 109. Qe8 Kb6 110. Qc8 Kb5 111. Qc4+ Kb6 112. Qd5 Kc7 113. Ke7 Kb8 114. Kd7 Ka7 115. Kc7 Ka6 116. Bc8+ Ka7 117. Qb7# 1-0


[Site "https://www.chess.com"]

[Event "Titled Tuesday Blitz November 29 Late 2022"]
[White "Chigaev, Maksim"]
[Black "Yoo, Christopher Woojin"]
[WhiteFideId "4108116"]
[BlackFideId "30909694"]
[WhiteElo "2541"]
[BlackElo "2463"]
[Result "1/2-1/2"]
[Round "11"]
[TimeControl "180+1"]
[Date "2022.11.30"]
[WhiteClock "0:00:02"]
[BlackClock "0:00:03"]

1. c4 e6 2. g3 d5 3. Bg2 Nf6 4. Nf3 Be7 5. O-O O-O 6. b3 b6 7. d4 Bb7 8. Nc3 Na6 9. Bb2 c5 10. Ne5 Nc7 11. Rc1 Rc8 12. dxc5 Bxc5 13. e3 Qe7 14. cxd5 Ncxd5 15. Nxd5 Nxd5 16. Nc4 f5 17. Qe2 Nf6 18. Bxb7 Qxb7 19. Bxf6 Rxf6 20. Rfd1 Rff8 21. Rc2 Rfd8 22. Rcd2 Qc7 23. a4 a6 24. Nb2 Rxd2 25. Rxd2 Qb7 26. Qc4 Kf7 27. Qe2 b5 28. Nd3 Bd6 29. Qd1 Kg8 30. h4 bxa4 31. bxa4 h6 32. Ne1 Be5 33. Kh2 Kh7 34. Nf3 Bf6 35. Ng1 Qe4 36. Nh3 e5 37. Qe2 Qg4 38. Qxg4 fxg4 39. Ng1 Rc4 40. Ra2 e4 41. Ne2 Be5 42. Kg2 Kg6 43. a5 Kf5 44. Ra3 Rb4 45. Ra2 Ke6 46. Ra3 Kd5 47. Kf1 Rb1+ 48. Kg2 Rb4 49. Ra2 Kc4 50. Rd2 Kb5 51. Rd5+ Ka4 52. Rxe5 Rb2 53. Nc3+ Kb4 54. Nxe4 Ra2 55. Nd6 Rxa5 56. Re4+ Kb3 57. Ne8 Rc5 58. Nxg7 a5 59. Ne6 Rc4 60. Nd4+ Kb2 61. Re5 a4 62. Ra5 a3 63. Nb5 a2 64. Nd6 Rb4 65. Rxa2+ Kxa2 66. Nf5 h5 67. Ng7 Rb5 68. e4 Kb3 69. Nf5 Kc3 70. Ne3 Kd4 71. Nd5 Rc5 72. Nf4 Kxe4 73. Ne2 Re5 74. Nf4 Rf5 75. Ne2 Kd3 76. Nf4+ Kd4 77. Ne2+ Ke4 78. Nf4 Rxf4 79. gxf4 Kxf4 80. Kg1 Ke5 81. Kf1 Ke4 82. Kg2 Kf4 83. Kg1 Kf3 84. Kf1 Ke4 85. Kg1 Kd3 86. Kf1 Kd4 87. Kg1 Kd5 88. Kh1 Ke5 89. Kg1 Ke4 90. Kg2 Kf4 1/2-1/2


[Site "https://www.chess.com"]